 Dungeon Crawl Stone Soup version 0.22-a0-422-g9628fc87f1 (webtiles) character file.

90780 Kriby the Severer (level 16, -5/143 HPs)
             Began as a Hill Orc Fighter on May 16, 2018.
             Was the Champion of Beogh.
             Killed from afar by a nagaraja (13 damage)
             ... with a bolt of poison
             ... on level 3 of the Snake Pit.
             The game lasted 00:44:20 (28986 turns).

Kriby the Severer (Hill Orc Fighter)               Turns: 28986, Time: 00:44:21

Health: -5/143     AC: 21    Str: 26    XL:     16   Next: 1%
Magic:  25/26      EV: 14    Int: 11    God:    Beogh [******]
Gold:   959        SH: 16    Dex: 18    Spells: 15/15 levels left

rFire    + . .     SeeInvis .   m - +0 broad axe (venom)
rCold    + + +     Gourm    .   a - +2 shield {AC+3}
rNeg     + . .     Faith    .   s - +4 ring mail of Gehenna {rN+ rCorr}
rPois    +         Spirit   .   q - +0 helmet
rElec    .         Reflect  .   Y - +2 cloak
rCorr    +         Harm     .   O - +0 pair of gloves of the Ageless Seas {Dex+4}
MR       +....                  (no boots)
Stlth    +.........             w - amulet of regeneration
HPRegen  0.73/turn              e - ring of protection from fire
MPRegen  0.20/turn              Z - ring "Ischuffy" {rPois rC++ Int+3 Dex+4}

@: lethally poisoned (-5 -> -6), very slightly contaminated, constricted,
invisible
A: walk on water, cold resistance 1, poison resistance
a: Smiting, Recall Orcish Followers, Give Item to Named Follower, Resurrection,
Renounce Religion


You were on level 3 of the Snake Pit.
You worshipped Beogh.
Beogh was exalted by your worship.
You were not hungry.

You visited 3 branches of the dungeon, and saw 24 of its levels.
You also visited: Bailey.

You collected 2595 gold pieces.
You spent 1636 gold pieces at shops.

Inventory:

Hand Weapons
 m - a +0 broad axe of venom (weapon)
Armour
 a - a +2 shield of protection (worn)
 q - a +0 helmet (worn)
 s - the +4 ring mail of Gehenna (worn) {rN+ rCorr}
   (You found it on level 4 of the Dungeon)

   It protects you from negative energy.
   It protects you from acid and corrosion.
 O - the +0 pair of gloves of the Ageless Seas (worn) {Dex+4}
   (You found it on level 6 of the Lair of Beasts)

   It affects your dexterity (+4).
 Y - a +2 cloak (worn)
Magical Staves
 T - an uncursed staff of earth {unknown}
Jewellery
 e - a ring of protection from fire (left hand)
 i - an uncursed ring of positive energy
 u - a +4 ring of strength
 w - an amulet of regeneration (around neck)
 y - an uncursed amulet of harm
 Z - the ring "Ischuffy" (right hand) {rPois rC++ Int+3 Dex+4}
   (You bought it in a shop on level 3 of the Snake Pit)

   [ring of poison resistance]

   It affects your intelligence (+3).
   It affects your dexterity (+4).
   It greatly protects you from cold.
   It protects you from poison.
Wands
 j - a wand of scattershot (5)
 l - a wand of polymorph (22)
 o - a wand of flame (15)
 A - a wand of clouds (3)
 K - a wand of random effects (25)
 M - a wand of iceblast (21)
 S - a wand of acid (25)
 X - a wand of paralysis (20)
Scrolls
 b - a scroll of enchant weapon
 h - 7 scrolls of enchant armour
 k - 9 scrolls of teleportation
 n - 13 scrolls of identify
 p - 3 scrolls of magic mapping
 t - 11 scrolls of remove curse
 B - a scroll of fear
 C - 3 scrolls of fog
 D - 2 scrolls of blinking
 F - 3 scrolls of amnesia
 U - 2 scrolls of vulnerability
Potions
 c - 3 potions of agility
 d - 4 potions of lignification
 g - 3 potions of might
 r - 2 potions of brilliance
 v - 2 potions of heal wounds
 z - 6 potions of flight
 H - 2 potions of cancellation
 I - 7 potions of curing
 P - 2 potions of magic {unknown}
 Q - 2 potions of berserk rage {unknown}
 W - a potion of haste
Miscellaneous
 R - a lamp of fire
 V - 2 sacks of spiders
Comestibles
 f - 31 rations
 x - 7 chunks of flesh


   Skills:
 + Level 13.1 Fighting
 * Level 18.4 Axes
 + Level 12.0 Armour
 + Level 9.3 Dodging
 + Level 12.2 Shields
 + Level 13.3 Invocations


You had 15 spell levels left.
You didn't know any spells.
Your spell library contained the following spells:

 Spells                   Type           Power        Failure   Level  Hunger
 Cause Fear               Hex            #.........   100%        4    #####..
 Bolt of Fire             Conj/Fire      #.........   100%        6    #######
 Lightning Bolt           Conj/Air       #.........   100%        5    ######.
 Bolt of Magma            Conj/Fire/Erth #.........   100%        5    ######.
 Slow                     Hex            #.......     71%         2    ###....
 Venom Bolt               Conj/Pois      #.........   100%        5    ######.
 Bolt of Draining         Conj/Necr      #.........   100%        5    ######.
 Vampiric Draining        Necr           #.........   90%         3    ####...
 Corpse Rot               Necr           N/A          71%         2    ###....
 Iron Shot                Conj/Erth      #.........   100%        6    #######
 Agony                    Necr           #.......     100%        5    ######.
 Dragon Form              Tmut           #.........   100%        7    #######
 Flame Tongue             Conj/Fire      #....        56%         1    ##.....
 Shatter                  Erth           #.........   100%        9    #######
 Static Discharge         Conj/Air       #.......     90%         3    ####...
 Corona                   Hex            #......      56%         1    ##.....
 Portal Projectile        Hex/Tloc       #.....       90%         3    ####...
 Orb of Destruction       Conj           #.........   100%        7    #######
 Tornado                  Air            #.........   100%        9    #######
 Leda's Liquefaction      Hex/Erth       #.........   100%        4    #####..
 Inner Flame              Hex/Fire       #.......     90%         3    ####...
 Iskenderun's Battlesphe  Conj/Chrm      #.......     100%        5    ######.
 Dragon's Call            Summ           #.........   100%        9    #######
 Spellforged Servitor     Conj/Summ      #.........   100%        7    #######
 Ignition                 Fire           #.........   100%        8    #######
 Borgnjor's Vile Clutch   Necr/Erth      #.........   100%        5    ######.


Dungeon Overview and Level Annotations

Branches:
Dungeon (15/15)            Temple (0/1) D:6            Lair (6/6) D:10
 Shoals (0/4) Lair:4        Snake (3/4) Lair:3        Slime (0/5) Lair:6
    Orc (0/2) D:9          Vaults (0/5) D:14         Depths (0/5) D:15

Altars:
Dithmenos
Gozag
Ru
Sif Muna
Trog
The Shining One
Beogh

Shops:
D:4 *   D:9 [   D:14 ?   Snake:3 =

Annotations:
Lair:2 exclusion: oklob plant
Snake:3 Vashnia


Innate Abilities, Weirdness & Mutations

You can walk on water.
Your flesh is cold resistant. (rC+)
Your system is resistant to poisons. (rPois)


Message History

The nagaraja hits you with a club!!
* * * LOW HITPOINT WARNING * * *
x2 The nagaraja constricts you.
Arbeogh hits the nagaraja with a +2 battleaxe of electrocution!
Lightning courses through the nagaraja!
The nagaraja hits you but does no damage.
* * * LOW HITPOINT WARNING * * *
The nagaraja constricts you.
The nagaraja's grasp on you weakens, but your attempt to escape fails.
You feel sick.
The naga sharpshooter casts a spell.
The naga sharpshooter magically shoots a bolt.
The bolt hits you!
* * * LOW HITPOINT WARNING * * *
Your orc knight hits the nagaraja from afar with a halberd!!
The naga spits poison at you. You block the splash of poison.
The nagaraja casts a spell at you. The bolt of poison hits you! You resist.
You die...

....##..........# ##
....##....##.(..# ..#
#..###...o##....#...#
.#.......o##..(.....##
.##.###.#)##..(####.N##.
.##o##.(...####(........
....#.#(..#.###.(..#.##
###.#.#)).#[##.))N.#
#.#.#.⌠.#.#..o@N##
##.#.#...#.#.)(o.#
##..#.#...#.#.N...#
....##.....##......
.#...###+##########.
###### .. .. ...


You could see Vashnia, a nagaraja, a naga sharpshooter, a naga, the friendly
Arbeogh the orc warlord and a friendly orc knight.

Vanquished Creatures
  An emperor scorpion (D:15)
  Nessos (D:13)
  5 hydras
  A catoblepas (Lair:6)
  4 centaur warriors
  6 two-headed ogres
  An anaconda (Snake:1)
  A death knight (D:11)
  4 death yaks (Lair:6)
  A tengu warrior (D:13)
  2 shock serpents
  A naga sharpshooter (Snake:1)
  The ghost of loom the Magician, a novice GnSk of Hepliaklqana (D:9)
  A skeletal warrior (D:11)
  2 unseen horrors
  A necromancer (D:14)
  An orc knight (D:12)
  An ugly thing (D:11)
  Pikel (D:6)
  A salamander (Snake:2)
  A deep elf mage (D:15)
  A cyclops (D:12)
  5 manticores
  A guardian serpent (shapeshifter) (D:14)
  5 naga magi
  7 black mambas
  A torpor snail (Lair:2)
  9 spiny frogs
  A rime drake (Lair:3)
  A freezing wraith (D:11)
  4 komodo dragons
  The ghost of htuhola the Chiller, a novice DEIE (D:6)
  2 trolls (D:12)
  2 blink frogs (Lair:4)
  A slime creature (Lair:6)
  A dream sheep (Lair:4)
  A meliai zombie (D:12)
  5 hippogriffs
  2 wraiths
  3 wyverns
  39 yaks
  A vampire (D:14)
  2 hogs (Snake:3)
  11 humans (D:14)
  A steam dragon (D:9)
  2 basilisks
  2 hungry ghosts
  Menkaure (D:7)
  11 vampire mosquitoes
  10 nagas
  A naga (shapeshifter) (D:15)
  6 water moccasins
  Duvessa (D:6)
  6 porcupines
  4 sky beasts
  4 ice beasts
  A slave (D:6)
  A black bear (Lair:1)
  A phantom (D:12)
  2 orc warriors
  A necrophage (D:14)
  7 ogres
  15 centaurs
  16 wolves
  7 crocodiles
  3 big kobolds
  Blork the orc (D:6)
  8 bullfrogs
  2 gnoll sergeants
  A water moccasin zombie (D:11)
  4 scorpions
  A wyvern skeleton (D:14)
  Dowan (D:6)
  17 killer bees
  11 wights
  2 howler monkeys
  A spectral bullfrog (D:13)
  6 crimson imps
  A bullfrog zombie (D:8)
  6 centaur zombies
  7 jellies
  2 quasits (D:8)
  8 hounds
  8 orc wizards
  3 gnoll shamans
  5 orc priests
  A bullfrog skeleton (D:13)
  4 centaur skeletons
  Jessica (D:2)
  4 iguanas
  5 worker ants
  2 hound zombies
  3 hound skeletons
  2 worker ant zombies (D:11)
  Robin (D:3)
  23 gnolls
  A howler monkey skeleton (D:10)
  15 adders
  3 river rats (D:6)
  2 shadow imps (D:13)
  2 adder skeletons
  A worm (D:2)
  A dart slug (D:3)
  7 leopard geckos
  15 orcs
  A ball python (D:3)
  7 bats
  7 giant cockroaches
  20 goblins
  9 hobgoblins
  9 jackals
  4 frilled lizards
  2 jackal skeletons
  33 kobolds
  A leopard gecko skeleton (D:6)
  6 rats
  A fungus (Lair:2)
  2 plants
537 creatures vanquished.

Vanquished Creatures (collateral kills)
  Rupert (D:13)
  Kirke (Snake:3)
  A nagaraja (Snake:3)
  A dire elephant (D:15)
  2 vault guards (D:14)
  A hydra (Lair:2)
  2 catoblepae (Lair:6)
  3 anacondas (Snake:2)
  3 two-headed ogres
  A tengu warrior (D:13)
  2 death yaks (Lair:6)
  10 naga sharpshooters
  A slime creature (D:15)
  A salamander mystic (Snake:2)
  2 orc knights (Bailey)
  2 necromancers (D:14)
  A mana viper (Snake:2)
  A phantasmal warrior (D:11)
  A cyclops (D:14)
  7 black mambas
  5 salamanders
  A centaur zombie (D:13)
  Psyche (D:10)
  A black mamba (shapeshifter) (D:10)
  2 naga magi
  8 spiny frogs
  A gargoyle (D:14)
  A kobold demonologist (D:15)
  An efreet (D:15)
  2 komodo dragons (Lair:6)
  2 trolls
  2 polar bears
  6 blink frogs
  9 dream sheep
  4 hippogriffs
  26 yaks
  A wyvern (D:11)
  A wraith (D:10)
  10 humans
  2 hungry ghosts
  A vampire mosquito (D:15)
  6 nagas
  A warg (D:8)
  A soldier ant (D:14)
  5 water moccasins
  5 porcupines
  2 sky beasts
  A black bear (shapeshifter) (D:13)
  5 orc warriors
  An ice beast (D:13)
  A phantom (D:7)
  A black bear (D:12)
  5 ogres
  10 wolves
  2 crocodiles (Lair:2)
  7 bullfrogs
  3 big kobolds (D:11)
  2 scorpions
  5 killer bees
  3 wights (D:13)
  A crimson imp (D:11)
  A bullfrog zombie (D:12)
  2 hounds (Lair:3)
  A bullfrog skeleton (D:13)
  3 orc priests
  An iguana (D:8)
  3 orc wizards
  4 worker ants
  9 gnolls
  2 adders
  A shadow imp (D:13)
  A leopard gecko (D:10)
  9 orcs
  A jackal (D:9)
  3 kobolds (D:11)
  A butterfly (Lair:4)
  4 fungi
  A plant (D:6)
245 creatures vanquished.

Vanquished Creatures (others)
  4 humans (Snake:3)
  4 orc warriors
  A centaur (D:6)
  An orc priest (D:9)
  5 orc wizards
  A centaur skeleton (D:6)
  2 gnolls (D:6)
  17 orcs
  2 jackals (D:3)
  A frilled lizard (D:3)
  A kobold (D:3)
  13 fungi
  16 plants
68 creatures vanquished.

Grand Total: 850 creatures vanquished

Notes
Turn   | Place    | Note
-------+----------+-------------------------------------------
     0 | D:1      | Kriby the Hill Orc Fighter began the quest for the Orb.
     0 | D:1      | Reached XP level 1. HP: 19/19 MP: 1/1
    84 | D:1      | Reached skill level 3 in Axes
    84 | D:1      | Reached XP level 2. HP: 20/27 MP: 2/2
   680 | D:1      | Reached XP level 3. HP: 33/33 MP: 3/3
   914 | D:2      | Found a faded altar of an unknown god.
   965 | D:2      | Gained mutation: Your system is resistant to poisons. (rPois) [potion of mutation]
   965 | D:2      | Gained mutation: Your flesh is cold resistant. (rC+) [potion of mutation]
   977 | D:2      | Noticed Jessica
   978 | D:2      | Killed Jessica
   978 | D:2      | Reached XP level 4. HP: 3/40 MP: 4/4
   978 | D:2      | Reached skill level 4 in Axes
   982 | D:2      | HP: 2/40 [poisoned by an adder]
   990 | D:2      | HP: 1/40 [poisoned by an adder]
  1350 | D:2      | Found a sacrificial altar of Ru.
  1356 | D:2      | Reached skill level 1 in Dodging
  1366 | D:2      | Reached XP level 5. HP: 34/46 MP: 5/5
  1693 | D:2      | Found a deep blue altar of Sif Muna.
  1865 | D:3      | Became a worshipper of Beogh the Brigand
  2416 | D:3      | Noticed Robin
  2524 | D:3      | Found a bloodstained altar of Trog.
  2600 | D:3      | Killed Robin
  2650 | D:3      | Reached skill level 5 in Axes
  2650 | D:3      | Reached XP level 6. HP: 23/53 MP: 6/6
  2672 | D:3      | Reached * piety under Beogh
  3204 | D:4      | Reached skill level 1 in Invocations
  3227 | D:3      | Reached skill level 5 in Fighting
  3430 | D:4      | Got an opal-encrusted ring mail
  3433 | D:4      | Reached XP level 7. HP: 61/61 MP: 8/8
  3435 | D:4      | Identified the +4 ring mail of Gehenna {rN+ rCorr} (You found it on level 4 of the Dungeon)
  3450 | D:4      | Found Vihyetug's Assorted Antiques.
  3480 | D:4      | Bought a scroll of teleportation for 93 gold pieces
  3480 | D:4      | Bought a scroll labeled HAEHYISMEI for 31 gold pieces
  3480 | D:4      | Bought a scroll labeled ONAMODATEN for 31 gold pieces
  3523 | D:4      | Found an opulent altar of Gozag.
  3616 | D:4      | Reached skill level 6 in Axes
  3879 | D:5      | Entered Level 5 of the Dungeon
  4345 | D:5      | Reached XP level 8. HP: 69/69 MP: 10/10
  4402 | D:5      | Reached skill level 5 in Armour
  4402 | D:5      | Reached skill level 5 in Shields
  4432 | D:5      | Found a bloodstained altar of Trog.
  4463 | D:5      | Reached skill level 7 in Axes
  4713 | D:5      | Reached ** piety under Beogh
  4950 | D:5      | Found a glowing golden altar of the Shining One.
  5230 | D:6      | Noticed Dowan
  5252 | D:6      | Killed Dowan
  5252 | D:6      | Reached skill level 8 in Axes
  5516 | D:6      | Reached XP level 9. HP: 40/75 MP: 12/12
  5527 | D:6      | Noticed Duvessa
  5537 | D:6      | Killed Duvessa
  5879 | D:6      | Reached skill level 5 in Invocations
  5936 | D:6      | Noticed Pikel
  5946 | D:6      | Killed Pikel
  5946 | D:6      | Reached skill level 9 in Axes
  5949 | D:6      | Noticed htuhola's ghost (novice DEIE)
  5973 | D:6      | Killed htuhola's ghost
  5988 | D:6      | Found a staircase to the Ecumenical Temple.
  6197 | D:6      | Reached *** piety under Beogh
  6725 | D:6      | Noticed Blork the orc
  6732 | D:6      | Killed Blork the orc
  6944 | D:7      | Noticed Menkaure
  6956 | D:7      | Killed Menkaure
  6956 | D:7      | Reached skill level 10 in Axes
  6956 | D:7      | Reached XP level 10. HP: 51/86 MP: 14/14
  7682 | D:7      | Noticed a two-headed ogre
  7696 | D:7      | HP: 1/86 [two-headed ogre/giant club (27)]
  7699 | D:7      | Killed a two-headed ogre
  8841 | D:8      | Reached **** piety under Beogh
  8897 | D:8      | Noticed a two-headed ogre
  8904 | D:8      | Killed a two-headed ogre
  8904 | D:8      | Reached skill level 11 in Axes
  9324 | D:9      | Got a scorched iron ring
  9402 | D:9      | Noticed a two-headed ogre
  9417 | D:9      | Gained Arbeogh as an ally
  9417 | D:9      | Reached skill level 5 in Dodging
  9717 | D:8      | Killed a two-headed ogre
  9717 | D:8      | Reached XP level 11. HP: 54/95 MP: 16/16
  9914 | D:9      | Found Netu Ada's Armour Shop.
 10285 | D:9      | Noticed loom's ghost (novice GnSk)
 10300 | D:9      | Killed loom's ghost
 10338 | D:9      | Found a staircase to the Orcish Mines.
 10699 | D:9      | Reached skill level 12 in Axes
 10887 | D:10     | Entered Level 10 of the Dungeon
 10996 | D:10     | Reached ***** piety under Beogh
 11105 | D:10     | Found a staircase to the Lair.
 11113 | D:10     | Noticed a two-headed ogre
 11116 | D:10     | Noticed Psyche
 11119 | D:10     | Killed a two-headed ogre
 11126 | D:10     | Killed Psyche
 11310 | D:10     | Killed an unseen horror
 11560 | D:10     | Got an ichor-stained leather armour
 11564 | D:10     | Identified the cursed +0 leather armour "Yhydgho" {Str+4 Int+3 Dex+2} (You found it on level 10 of the Dungeon)
 11565 | D:10     | Identified the ring of Amelioration {+Fly rPois rF- MR+} (You found it on level 9 of the Dungeon)
 12056 | D:11     | Noticed a two-headed ogre
 12063 | D:11     | Killed a two-headed ogre
 12541 | D:11     | Noticed a manticore
 12549 | D:11     | Killed a manticore
 12549 | D:11     | Reached skill level 13 in Axes
 12807 | D:11     | Reached XP level 12. HP: 100/105 MP: 18/18
 12858 | D:11     | Reached ****** piety under Beogh
 12982 | D:11     | Noticed a death knight
 13005 | D:11     | Killed a death knight
 13295 | Lair:1   | Entered Level 1 of the Lair of Beasts
 13660 | Lair:1   | Noticed an eight-headed hydra
 13668 | Lair:1   | Killed an eight-headed hydra
 14057 | Lair:1   | Reached skill level 10 in Fighting
 14878 | Lair:2   | Reached skill level 14 in Axes
 15836 | Lair:2   | Noticed a six-headed hydra
 15841 | Lair:2   | Killed a five-headed hydra
 15841 | Lair:2   | Reached skill level 10 in Invocations
 16201 | Lair:3   | Found a staircase to the Snake Pit.
 16573 | Lair:3   | Reached XP level 13. HP: 113/114 MP: 20/20
 17926 | Lair:4   | Reached skill level 15 in Axes
 17926 | Lair:4   | Reached skill level 10 in Shields
 18330 | Lair:4   | Reached skill level 10 in Armour
 18884 | Lair:4   | Found a staircase to the Shoals.
 19902 | Lair:6   | Entered Level 6 of the Lair of Beasts
 20279 | Lair:6   | Found a staircase to the Slime Pits.
 20541 | Lair:6   | Got a pair of jewelled gloves
 20542 | Lair:6   | Identified the +0 pair of gloves of the Ageless Seas {Dex+4} (You found it on level 6 of the Lair of Beasts)
 20573 | Lair:6   | Reached XP level 14. HP: 124/124 MP: 22/22
 20595 | Lair:6   | Reached skill level 16 in Axes
 22743 | D:12     | Found a flagged portal.
 22752 | Bailey   | Entered a bailey
 22861 | Bailey   | Identified the Grimoire of Evil
 22996 | D:12     | Found a roughly hewn altar of Beogh.
 23285 | D:13     | Gained Bogwik as an ally
 23321 | D:13     | Noticed Rupert
 23332 | D:13     | Killed Rupert
 23695 | D:13     | Reached skill level 17 in Axes
 23701 | D:13     | Noticed Nessos
 23711 | D:13     | Killed Nessos
 24491 | D:14     | Reached XP level 15. HP: 133/133 MP: 24/24
 24649 | D:14     | Found a gate to the Vaults.
 24653 | D:14     | Gained Ortolf as an ally
 24658 | D:14     | Your ally Ortolf died
 25521 | D:14     | Found Aruxics's Magic Scroll Boutique.
 25527 | D:14     | Bought a scroll of brand weapon for 260 gold pieces
 25527 | D:14     | Bought a scroll of enchant armour for 97 gold pieces
 25765 | D:15     | Entered Level 15 of the Dungeon
 25773 | D:15     | Noticed an emperor scorpion
 25807 | D:15     | Killed an emperor scorpion
 25920 | D:15     | Found a staircase to the Depths.
 26345 | D:15     | Found a shadowy altar of Dithmenos.
 26835 | Snake:1  | Entered Level 1 of the Snake Pit
 27248 | Snake:1  | Identified the +1 chain mail of Ixzofur {Str+2} (You found it on level 1 of the Snake Pit)
 27614 | Snake:1  | Reached skill level 18 in Axes
 27812 | Snake:2  | Noticed a nagaraja
 28582 | Snake:3  | Found Roahupek's Jewellery Emporium.
 28603 | Snake:3  | Bought the ring "Ischuffy" {rPois rC++ Int+3 Dex+4} for 1124 gold pieces
 28621 | Snake:3  | Noticed Kirke
 28628 | Snake:3  | Noticed a nagaraja
 28632 | Snake:3  | Killed Kirke
 28641 | Snake:3  | Killed a nagaraja
 28957 | Snake:3  | Noticed Vashnia
 28971 | Snake:3  | Noticed a nagaraja
 28979 | Snake:3  | Reached XP level 16. HP: 62/143 MP: 24/26
 28986 | Snake:3  | Killed from afar by a nagaraja

Vault maps used:
D:1:      sevenhm_arrival_forest_fort_small_6, minmay_misc_feat_alley,
          kennysheep_decorative_pillar
D:2:      led_sif_pool, chequers_ecumenical_altar_grove,
          nicolae_ru_great_annihilating_truth, uniq_jessica
D:3:      lemuel_round_altar, uniq_robin
D:4:      grunt_gozag_statues, serial_shops, nicolae_shop_overgrown_old_shop,
          minmay_misc_feat_plants
D:5:      lemuel_doored_altar, first_ration, minmay_misc_feat_rows, trog_book
D:6:      wad_woods_settlement, minmay_temple_entry_mist,
          chequers_ossuary_entry_cave, uniq_duvessa, uniq_blork_the_orc,
          uniq_pikel
D:7:      grunt_ogre_cave, uniq_menkaure
D:9:      erik_orc_4, serial_shops, nicolae_shop_competitors_out_of_business,
          kennysheep_generic_room_13
D:10:     minmay_curly_fans, lair_entry_dummy, uniq_psyche
D:12:     enter_bailey_3
D:13:     hangedman_decor_opposing, hangedman_weighted_door, uniq_rupert,
          uniq_nessos
D:14:     grunt_vaults_entry_tiered, serial_shops, shop, kennysheep_crisscross,
          roderic_lattice_a, moated_statue, grunt_ministairs_1
D:15:     hangedman_depths_entry_try_elsewhere_first,
          nicolae_dithmenos_shadow_blocks, serial_bayou_pond_b,
          minmay_liquid_box
Lair:2:   minmay_lair_oklob_bushes
Lair:3:   beast_lair_carwin_large_1, dummy_snake_entry, minivault_23,
          fungi_pond_lemuel
Lair:4:   shoals_dummy_entry, small_statue_intersection,
          eino_small_chamber_without_monster, grunt_megastairs_2,
          infiniplex_staircase_pool_2, lemuel_fruit_fields
Lair:5:   beast_lair_carwin_10
Lair:6:   evilmike_catoblepas_cave, minmay_slime_entry_pillars,
          serial_bayou_pond_a
Snake:2:  nrook_loot_triangle
Snake:3:  serial_shops, shop, basic_stair_grate_trap, grunt_megastairs_1,
          uniq_kirke, uniq_vashnia
Bailey:   bailey_polearm_4, bailey

Skill      XL: |  1  2  3  4  5  6  7  8  9 10 11 12 13 14 15 |
---------------+----------------------------------------------+-----
Axes           | 3 4 5 6 8 10 11 13 14 15 17 18 | 18.4
Fighting       | 4 5 6 7 8 9 10 11 12 13 | 13.1
Dodging        | 1 2 3 4 5 6 7 8 9 |  9.3
Armour         | 4 5 6 7 8 9 10 11 12 | 12.0
Shields        | 4 5 6 7 8 9 10 11 12 | 12.2
Invocations    | 1 3 4 6 7 8 10 11 12 13 | 13.3

Action                   |  1- 3 |  4- 6 |  7- 9 | 10-12 | 13-15 | 16-18 || total
-------------------------+-------+-------+-------+-------+-------+-------++-------
Melee: War axe           |    90 |   172 |   355 |   542 |       |       ||  1159
       Broad axe         |       |       |       |   179 |  1012 |     6 ||  1197
Invok: Convert to Beogh  |       |     1 |       |       |       |       ||     1
       Recall Orcish Fol |       |       |       |     4 |     3 |       ||     7
       Smiting           |       |       |       |     7 |    12 |       ||    19
       Give Item to Name |       |       |       |     1 |       |       ||     1
       Resurrection      |       |       |       |       |     1 |       ||     1
       Stop Recall       |       |       |       |       |     2 |       ||     2
Evoke: Wand              |       |       |    11 |     6 |     1 |       ||    18
       Lamp of fire      |       |       |       |       |     2 |       ||     2
  Use: Potion            |     3 |       |     2 |     5 |     5 |       ||    15
       Scroll            |     2 |       |     7 |     8 |    11 |       ||    28
 Stab: Paralysed         |       |     1 |     4 |       |       |       ||     5
       Distracted        |       |       |       |     6 |     5 |       ||    11
       Petrifying        |       |       |       |       |     2 |       ||     2
       Invisible         |       |       |       |       |     2 |       ||     2
       Confused          |       |       |       |       |     1 |       ||     1
  Eat: Chunk             |       |     8 |    12 |    24 |    32 |       ||    76
       Ration            |       |       |       |     3 |     3 |       ||     6
Armor: Scale mail        |    27 |       |       |       |       |       ||    27
       Plate armour      |    33 |   121 |       |       |       |       ||   154
       Ring mail         |       |       |   109 |   202 |   206 |     1 ||   518
       Skin              |       |       |    18 |       |       |       ||    18
Dodge: Dodged            |    22 |    21 |   129 |   330 |   368 |     4 ||   874
Block: Shield            |    47 |    97 |   167 |   424 |   412 |     8 ||  1155
       Large shield      |       |       |       |       |   366 |       ||   366

Table legend:
 A = Spawn XP
 B = Non-spawn XP
 C = Spawn XP percentage of total XP
 D = Spawn monster count
 E = Non-spawn monster count
 F = Spawn count percentage of total count
 G = Total turns spent on level
                    A         B        C        D         E        F      G
               +---------+---------+-------+---------+---------+-------+---------
         Total |       0 |  129686 |   0.0 |       0 |     772 |   0.0 | 28986
               +---------+---------+-------+---------+---------+-------+---------
           D:1 |       0 |      58 |   0.0 |       0 |      27 |   0.0 |   867
           D:2 |       0 |     137 |   0.0 |       0 |      14 |   0.0 |   997
           D:3 |       0 |     318 |   0.0 |       0 |      40 |   0.0 |  1536
           D:4 |       0 |     397 |   0.0 |       0 |      16 |   0.0 |   584
           D:5 |       0 |     803 |   0.0 |       0 |      20 |   0.0 |  1543
           D:6 |       0 |    2889 |   0.0 |       0 |      50 |   0.0 |  1432
           D:7 |       0 |    1715 |   0.0 |       0 |      15 |   0.0 |  1388
           D:8 |       0 |    2543 |   0.0 |       0 |      27 |   0.0 |  1375
           D:9 |       0 |    2444 |   0.0 |       0 |      36 |   0.0 |  1165
          D:10 |       0 |    3410 |   0.0 |       0 |      32 |   0.0 |  1205
          D:11 |       0 |    7444 |   0.0 |       0 |      71 |   0.0 |  1281
          D:12 |       0 |    5656 |   0.0 |       0 |      46 |   0.0 |   886
          D:13 |       0 |   14491 |   0.0 |       0 |      52 |   0.0 |  1256
          D:14 |       0 |   11311 |   0.0 |       0 |      46 |   0.0 |  1380
          D:15 |       0 |    8315 |   0.0 |       0 |      18 |   0.0 |   907
        Lair:1 |       0 |    3397 |   0.0 |       0 |      16 |   0.0 |  1384
        Lair:2 |       0 |    4935 |   0.0 |       0 |      29 |   0.0 |  1549
        Lair:3 |       0 |    4814 |   0.0 |       0 |      28 |   0.0 |  1602
        Lair:4 |       0 |    8788 |   0.0 |       0 |      49 |   0.0 |  1579
        Lair:5 |       0 |    2736 |   0.0 |       0 |      12 |   0.0 |   706
        Lair:6 |       0 |   16326 |   0.0 |       0 |      60 |   0.0 |  2052
       Snake:1 |       0 |    6994 |   0.0 |       0 |      18 |   0.0 |   912
       Snake:2 |       0 |    7453 |   0.0 |       0 |      16 |   0.0 |   816
       Snake:3 |       0 |   11098 |   0.0 |       0 |      27 |   0.0 |   423
        Bailey |       0 |    1214 |   0.0 |       0 |       7 |   0.0 |   161
               +---------+---------+-------+---------+---------+-------+---------
